AoeStats
← Kebab Loverzz

Arabia

505762035Analyzed
1v1 RM · 22d ago on Sep 10, 2026· 56m 32s· 2 players
Game mode
Random Map
Map size
Tiny (2 player)
Population
200
Speed
Normal
Resources
Standard
Victory
Conquest
Starting age
Dark Age
Ending age
Imperial Age
RankedLock teamsTeams togetherTeam positionsShared explorationLock speedFull tech treeHidden civsTurbo modeCheats
Victory
Defeat
🇮🇩 Mongols · Indonesia
1073
+18
🇨🇷 Lithuanians · Costa Rica
1043
-15
Based Assad
6:35 Loom
7:11 Loom
9:21 Feudal Age
9:56 Man-at-Arms
17:19 Horse Collar
23:13 Castle Age
21:24 Double-Bit Axe
22:27 Forging
24:03 Scale Barding Armor
26:06 Husbandry
27:10 Wheelbarrow
27:34 Chain Barding Armor
27:17 Gold Mining
29:07 Town Watch
32:44 Bloodlines
35:16 Imperial Age
35:23 Cavalier
37:32 Chemistry
38:01 Conscription
38:26 Bow Saw
40:06 Plate Barding Armor
39:40 Fletching
40:01 Elite Skirmisher
40:44 Padded Archer Armor
41:24 Ballistics
41:12 Bodkin Arrow
42:04 Tower Shields
43:20 Iron Casting
43:08 Bracer
44:14 Leather Archer Armor
45:02 Thumb Ring
48:37 Ring Archer Armor
51:58 Elite Leitis
56:01 Light Cavalry
Kebab Loverzz
6:39 Loom
9:07 Feudal Age
10:20 Double-Bit Axe
10:40 Horse Collar
20:58 Castle Age
20:21 Wheelbarrow
20:21 Bloodlines
20:19 Gold Mining
21:46 Fletching
22:10 Thumb Ring
22:32 Bow Saw
22:50 Bodkin Arrow
23:12 Husbandry
24:15 Heavy Plow
25:42 Padded Archer Armor
30:40 Ballistics
32:51 Hand Cart
35:48 Imperial Age
34:10 Gold Shaft Mining
37:38 Bracer
37:54 Leather Archer Armor
38:52 Parthian Tactics
38:51 Conscription
38:41 Heavy Camel Rider
39:47 Forging
40:46 Chemistry
42:24 Stone Mining
42:45 Elite Mangudai
44:29 Scale Barding Armor
45:00 Iron Casting
45:37 Chain Barding Armor
48:51 Blast Furnace
49:34 Scale Mail Armor
49:26 Pikeman
50:07 Squires
49:34 Light Cavalry
50:36 Squires
51:06 Hussar
Connection lost

Rejoining the realm…

Still unreachable

The connection could not be restored.

Session expired

The server has moved on; the page needs a fresh start.